 Dungeon Crawl Stone Soup version 0.30-a0-168-g0b976cbdc4 (webtiles) character file.

Game seed: 5780545270537586320

412 qw the Shield-Bearer (level 6, -8/37 HPs)
             Began as a Gargoyle Fighter on Sept 29, 2022.
             Was an Initiate of Okawaru.
             Mangled by Edmund
             ... wielding a +0 flail of draining
              (11 damage)
             ... on level 5 of the Dungeon.
             The game lasted 00:01:26 (4366 turns).

qw the Shield-Bearer (Gargoyle Fighter)             Turns: 4366, Time: 00:01:27

Health: -8/37      AC: 13    Str: 22    XL:     6   Next: 90%
Magic:  6/6        EV:  8    Int:  8    God:    Okawaru [......]
Gold:   170        SH: 15    Dex: 15    Spells: 5/5 levels left

rFire   . . .      SeeInvis .    Y - +0 war axe
rCold   . . .      Faith    .    m - +0 kite shield
rNeg    + + .      Spirit   .    b - +0 scale mail
rPois   inf        Reflect  +    i - +0 helmet
rElec   +          Harm     .    a - +0 cloak of Calculation {rN+}
rCorr   .          Rampage  .    (no gloves)
Will    .....                    (no boots)
Stlth   ..........               e - amulet of reflection
HPRegen 0.12/turn                h - +6 ring of dexterity
MPRegen 0.10/turn                (no ring)

@: no status effects
A: sickness immunity, AC +4, negative energy resistance 1, electricity
resistance, torment resistance 1, petrification resistance
a: Renounce Religion


You were on level 5 of the Dungeon.
You worshipped Okawaru.
Okawaru was noncommittal.
You visited 2 branches of the dungeon, and saw 6 of its levels.

You collected 170 gold pieces.


Innate Abilities, Weirdness & Mutations

You are immune to sickness and miasma.
Your stone body is resilient. (AC +4)
You are immune to poison.
You resist negative energy. (rN+)
You are resistant to electric shocks. (rElec)
You are resistant to unholy torment.
You are immune to petrification.


   Skills:
 + Level 3.3 Fighting
 - Level 5.0 Axes
 - Level 1.0 Throwing
 - Level 3.2 Armour
 - Level 1.1 Dodging
 - Level 5.2 Shields


You had 5 spell levels left.
You didn't know any spells.
Your spell library was empty.

Inventory:

Hand Weapons
 c - a +0 flail
 Y - a +0 war axe (weapon)
Missiles
 f - 3 boomerangs
 j - a javelin (quivered)
Armour
 a - the +0 cloak of Calculation (worn) {rN+}
   (You acquired it on level 1 of the Dungeon)

   rN:        It protects you from negative energy.
 b - a +0 scale mail (worn)
 i - a +0 helmet (worn)
 m - a +0 kite shield (worn)
Jewellery
 e - an amulet of reflection (around neck)
 h - a +6 ring of dexterity (left hand)
Scrolls
 k - a scroll of identify
Potions
 d - a potion of might
 g - a potion of lignification
 l - a potion of degeneration {unknown}

Dungeon Overview and Level Annotations

Branches:
Dungeon (5/15)             Temple (1/1) D:4

Altars:
Ashenzari
Dithmenos
Elyvilon
Fedhas
Gozag
Kikubaaqudgha
Okawaru
Sif Muna
Uskayaw
Wu Jian
Yredelemnul
Zin

Shops:
D:1 (

Annotations:
D:4 3 runed translucent doors, qw's ghost, amateur GrFi
D:5 Edmund


Message History

You block the orc's attack. The orc hits you but does no damage.
Edmund closely misses you.
You closely miss the orc.
The orc is severely wounded.
You hit Edmund but do no damage. The orc barely misses you.
You block Edmund's attack.
You barely miss the orc.
The orc is severely wounded.
You barely miss the scorpion. You slash Edmund! You block Edmund's attack.
The orc hits you but does no damage.
The scorpion stings you but does no damage.
You slash the orc!
You kill the orc!
Okawaru accepts your kill.
You barely miss Edmund. You hit the scorpion. You block the scorpion's attack.
Edmund hits you but does no damage. You block the scorpion's attack.
Edmund hits you but does no damage.
You barely miss Edmund.
Edmund is moderately wounded.
You closely miss the scorpion. You block the scorpion's attack.
Edmund hits you but does no damage. The scorpion stings you.
You hit Edmund but do no damage.
Edmund is moderately wounded.
You barely miss the scorpion.
Edmund says, "I might not be good at magic, but I can still kill you!"
You block Edmund's attack.
The scorpion stings you but does no damage.
Edmund hits you with a +0 flail of draining.
You hit Edmund but do no damage.
Edmund is moderately wounded.
You closely miss the scorpion. You block the scorpion's attack.
Edmund hits you but does no damage. The scorpion stings you.
You hit Edmund.
Edmund is heavily wounded.
You hit the scorpion. The scorpion stings you.
Edmund hits you with a +0 flail of draining!
You die...

#..<....
###....?..
#.#.......
##.#......
#.<...# #.....#
#.....# ###.#.#
#.#@#
......s)@....#
..........(##.#
.............
..#........##..
....#$#.#..# (
~~~.........
##~.#...##.##


You could see Edmund and a scorpion.

Vanquished Creatures
  A centaur zombie (D:4)
  2 hounds (D:4)
  A jelly (D:4)
  An orc priest (D:4)
  2 orc wizards (D:4)
  A hound zombie (D:4)
  Robin (D:2)
  6 gnolls
  3 adders
  3 dart slugs
  9 orcs
  5 endoplasms
  A giant cockroach (D:2)
  17 goblins
  8 hobgoblins
  8 jackals
  3 kobolds
  4 quokkas (D:4)
  4 ball pythons
  5 bats
  3 frilled lizards (D:1)
  A rat (D:1)
89 creatures vanquished.

Notes
Turn   | Place    | Note
-------+----------+-------------------------------------------
     0 | D:1      | qw the Gargoyle Fighter began the quest for the Orb.
     0 | D:1      | Reached XP level 1. HP: 14/14 MP: 1/1
     0 | D:1      | 0 ||| qw: Version: 0.2-a-12-gaebbb33
     0 | D:1      | 0 ||| qw: Game counter: 1169
     0 | D:1      | 0 ||| qw: Always use a shield: true
     0 | D:1      | 0 ||| qw: God list: Okawaru
     0 | D:1      | 0 ||| qw: Allow faded altars: false
     0 | D:1      | 0 ||| qw: Do Orc after D:15 true
     0 | D:1      | 0 ||| qw: Do second Lair branch before Depths: true
     0 | D:1      | 0 ||| qw: Lair rune preference: random
     0 | D:1      | 0 ||| qw: Plans: Normal, Zot:1-4, God:TSO, Crypt, Tomb,
                  | Pan, Slime:5, Hells, Abyss, Orb
     0 | D:1      | 0 ||| PLANNING D:1-11
   237 | D:1      | Found Jipuciot's Antique Weapon Shop.
   247 | D:1      | 247 ||| Stepping ~*~*~tactically~*~*~ (stealth).
   257 | D:1      | Reached XP level 2. HP: 6/19 MP: 2/2
   316 | D:1      | 316 ||| Stepping ~*~*~tactically~*~*~ (stealth).
   786 | D:1      | Found a faded altar of an unknown god.
   912 | D:1      | 912 ||| UPGRADING to +0 helmet.
   917 | D:1      | 917 ||| READING scroll labelled CUEWEW HITO.
   917 | D:1      | Identified a scroll of acquirement
   917 | D:1      | 917 ||| ACQUIRING +0 cloak of Calculation {rN+}
   917 | D:1      | Acquired the +0 cloak of Calculation {rN+}
   919 | D:1      | 919 ||| UPGRADING to +0 cloak of Calculation {rN+}.
   924 | D:1      | 924 ||| READING scroll labelled EVINAU NYBLALL.
   925 | D:1      | 925 ||| READING scroll labelled QIS VAWNUCWOI.
   926 | D:1      | 926 ||| READING scroll labelled ETUUHU DUAKH.
   974 | D:2      | 974 ||| STAIRDANCE
   981 | D:2      | 981 ||| STAIRDANCE
   999 | D:2      | 999 ||| STAIRDANCE
  1021 | D:2      | 1021 ||| Stepping ~*~*~tactically~*~*~ (stealth).
  1022 | D:2      | 1022 ||| Stepping ~*~*~tactically~*~*~ (stealth).
  1066 | D:2      | Reached skill level 3 in Axes
  1119 | D:2      | 1119 ||| Stepping ~*~*~tactically~*~*~ (hiding).
  1126 | D:2      | Reached XP level 3. HP: 22/23 MP: 3/3
  1152 | D:2      | 1152 ||| Stepping ~*~*~tactically~*~*~ (stealth).
  1160 | D:2      | Noticed Robin
  1161 | D:2      | 1161 ||| Stepping ~*~*~tactically~*~*~ (hiding).
  1163 | D:2      | 1163 ||| Stepping ~*~*~tactically~*~*~ (hiding).
  1170 | D:2      | Reached skill level 1 in Throwing
  1180 | D:2      | Killed Robin
  1458 | D:2      | Found a shimmering blue altar of Sif Muna.
  1940 | D:2      | 1940 ||| UPGRADING to +0 kite shield.
  1950 | D:2      | 1950 ||| DROPPING +0 buckler.
  1951 | D:2      | 1951 ||| UPGRADING to amulet of reflection.
  1956 | D:2      | 1956 ||| READING 3 scrolls labelled KUEV ATHUYNITA.
  1957 | D:2      | 1957 ||| READING scroll labelled EPSOGE PIDDO.
  1958 | D:2      | 1958 ||| DRINKING 2 amethyst potions.
  1959 | D:2      | 1959 ||| DRINKING 2 pink potions.
  1992 | D:2      | 1992 ||| DROPPING 2 scrolls of magic mapping.
  2029 | D:3      | Reached XP level 4. HP: 28/28 MP: 4/4
  2153 | D:3      | 2153 ||| Stepping ~*~*~tactically~*~*~ (hiding).
  2444 | D:3      | Reached XP level 5. HP: 29/32 MP: 5/5
  2469 | D:3      | 2469 ||| Stepping ~*~*~tactically~*~*~ (stealth).
  2471 | D:3      | 2471 ||| Stepping ~*~*~tactically~*~*~ (hiding).
  2472 | D:3      | 2472 ||| Stepping ~*~*~tactically~*~*~ (hiding).
  2474 | D:3      | 2474 ||| Stepping ~*~*~tactically~*~*~ (hiding).
  2773 | D:4      | 2773 ||| Stepping ~*~*~tactically~*~*~ (stealth).
  2816 | D:4      | 2816 ||| DROPPING +2 vorpal mace.
  2908 | D:4      | 2908 ||| Stepping ~*~*~tactically~*~*~ (stealth).
  2909 | D:4      | 2909 ||| Stepping ~*~*~tactically~*~*~ (stealth).
  2969 | D:4      | Found a staircase to the Ecumenical Temple.
  2970 | D:4      | 2970 ||| PLANNING TEMPLE
  2970 | D:4      | 2970 ||| READING scroll labelled PAEN ECZOMES.
  2980 | Temple   | Entered the Ecumenical Temple
  2981 | Temple   | 2981 ||| PLANNING OKAWARU WORSHIP
  2985 | Temple   | Became a worshipper of Warmaster Okawaru
  2986 | Temple   | 2986 ||| PLANNING D:1-11
  3028 | D:4      | Found a runed translucent gate.
  3028 | D:4      | Found a runed translucent gate.
  3028 | D:4      | Found a runed translucent gate.
  3028 | D:4      | Noticed qw's ghost (amateur GrFi)
  3029 | D:4      | 3029 ||| UPGRADING to +6 ring of dexterity.
  3031 | D:4      | Found a basalt altar of Yredelemnul.
  3047 | D:4      | Reached skill level 1 in Dodging
  3153 | D:4      | Reached XP level 6. HP: 37/37 MP: 6/6
  3156 | D:4      | 3156 ||| FLEEEEING.
  3157 | D:4      | 3157 ||| FLEEEEING.
  3158 | D:4      | 3158 ||| FLEEEEING.
  3283 | D:4      | 3283 ||| Stepping ~*~*~tactically~*~*~ (stealth).
  3286 | D:4      | 3286 ||| Stepping ~*~*~tactically~*~*~ (stealth).
  3296 | D:4      | 3296 ||| DRINKING potion of curing.
  3296 | D:4      | 3296 ||| (to cure confusion)
  3303 | D:4      | 3303 ||| FLEEEEING.
  3304 | D:4      | 3304 ||| FLEEEEING.
  3305 | D:4      | 3305 ||| FLEEEEING.
  3306 | D:4      | 3306 ||| FLEEEEING.
  3307 | D:4      | 3307 ||| FLEEEEING.
  3308 | D:4      | 3308 ||| FLEEEEING.
  3309 | D:4      | 3309 ||| FLEEEEING.
  3310 | D:4      | 3310 ||| FLEEEEING.
  3311 | D:4      | 3311 ||| FLEEEEING.
  3312 | D:4      | 3312 ||| FLEEEEING.
  3313 | D:4      | 3313 ||| FLEEEEING.
  3314 | D:4      | 3314 ||| FLEEEEING.
  3315 | D:4      | 3315 ||| FLEEEEING.
  3320 | D:4      | 3320 ||| FLEEEEING.
  3321 | D:4      | 3321 ||| FLEEEEING.
  3322 | D:4      | 3322 ||| FLEEEEING.
  3323 | D:4      | 3323 ||| FLEEEEING.
  3324 | D:4      | 3324 ||| FLEEEEING.
  3325 | D:4      | 3325 ||| FLEEEEING.
  3326 | D:4      | 3326 ||| FLEEEEING.
  3327 | D:4      | 3327 ||| FLEEEEING.
  3328 | D:4      | 3328 ||| FLEEEEING.
  3336 | D:4      | 3336 ||| FLEEEEING.
  3337 | D:4      | 3337 ||| FLEEEEING.
  3338 | D:4      | 3338 ||| FLEEEEING.
  3339 | D:4      | 3339 ||| FLEEEEING.
  3340 | D:4      | 3340 ||| FLEEEEING.
  3346 | D:4      | 3346 ||| FLEEEEING.
  3347 | D:4      | 3347 ||| FLEEEEING.
  3348 | D:4      | 3348 ||| FLEEEEING.
  3353 | D:4      | 3353 ||| FLEEEEING.
  3354 | D:4      | 3354 ||| FLEEEEING.
  3357 | D:4      | 3357 ||| FLEEEEING.
  3358 | D:4      | 3358 ||| FLEEEEING.
  3359 | D:4      | 3359 ||| FLEEEEING.
  4057 | D:4      | 4057 ||| Stepping ~*~*~tactically~*~*~ (stealth).
  4062 | D:4      | 4062 ||| Stepping ~*~*~tactically~*~*~ (stealth).
  4079 | D:4      | 4079 ||| Stepping ~*~*~tactically~*~*~ (stealth).
  4081 | D:4      | 4081 ||| Stepping ~*~*~tactically~*~*~ (hiding).
  4347 | D:5      | Entered Level 5 of the Dungeon
  4351 | D:5      | Noticed Edmund
  4365 | D:5      | HP: 8/37 [scorpion (6)]
  4366 | D:5      | HP: 3/37 [scorpion (5)]
  4366 | D:5      | Mangled by Edmund

Levels and vault maps discovered:
D:1:      roderic_chinese_lattice_arrival, layout_basic, serial_glass,
          glass_columns_c, glass_columns_c, serial_shops,
          nicolae_shop_advertising_works [nicolae_subvault_shop_adworks],
          shapermc_ecumenical_altar_mp_highgroup, minmay_pentomino_u4
D:2:      layout_basic, basic_altar, minivault_19, uniq_robin
D:3:      layout_rooms, minmay_goblin_outpost
D:4:      layout_basic, nicolae_yredelemnul_ghost_church,
          minmay_temple_entry_stoned_glass
D:5:      kennysheep_big_flooded_room, layout_basic, kennysheep_mini_moat,
          worldfamousw_hep_ancestral_shrine, kennysheep_cluttered_room,
          uniq_edmund
Temple:   hellmonk_temple_micro_hex

Skill      XL: |  1  2  3  4  5  6 |
---------------+-------------------+-----
Axes           | 2 3 4 5 |  5.0
Throwing       | 1 |  1.0
Shields        | 4 5 |  5.2
Dodging        | 1 |  1.1
Fighting       | |  3.3
Armour         | |  3.2

Action                   |  1- 3 |  4- 6 || total
-------------------------+-------+-------++-------
Melee: War axe           |    89 |   177 ||   266
Throw: Javelin           |    21 |    42 ||    63
  Use: Scroll            |     6 |     1 ||     7
       Potion            |     2 |     1 ||     3
Armor: Scale mail        |    44 |   101 ||   145
Dodge: Dodged            |    40 |    51 ||    91
Block: Buckler           |    23 |       ||    23
       Kite shield       |     2 |   151 ||   153
       Reflection        |       |     7 ||     7

Table legend:
 A = Non-vault XP
 B = Vault XP
 C = Vault XP percentage of total XP
 D = Non-vault monster count
 E = Vault monster count
 F = Vault count percentage of total count
                 A         B        C        D         E       F
            +---------+---------+-------+---------+---------+-------
      Total |     476 |     113 |  19.2 |      69 |      20 |  22.5
            +---------+---------+-------+---------+---------+-------
        D:1 |      15 |       8 |  34.8 |      10 |       4 |  28.6
        D:2 |      21 |      34 |  61.8 |      10 |      11 |  52.4
        D:3 |      88 |       6 |   6.4 |      19 |       3 |  13.6
        D:4 |     349 |      65 |  15.7 |      29 |       2 |   6.5
        D:5 |       3 |       0 |   0.0 |       1 |       0 |   0.0
            +---------+---------+-------+---------+---------+-------
